Map: Port Aleksander LE

Players

dark - Winner!

  • Race: Zerg Zerg
  • Spawn Location: 11:00

Neeb

  • Race: Protoss Protoss
  • Spawn Location: 5:00

Event: IEM Season 13: Katowice (2019)

VOD

Have the link to the VOD?

Description

Time

  • Played on: Feb. 28, 2019, 1:04 p.m.
  • Length: 9:01

All games in this series

Show
View Real Time Build Order
Export as new Build Order

dark Zerg - Winner!

Build Orders: Hatch First 

Get SALT Encoding   

  12  0:00  Drone  
  13  0:12  Overlord  
  13  0:17  Drone  
  14  0:31  Drone x2  
  14  0:35  Drone  
  17  0:52  Drone  
  17  0:57  Drone  
  19  1:00  Hatchery  
  18  1:07  Extractor  
  17  1:14  Spawning Pool  
  17  1:17  Drone  
  17  1:23  Drone  
  18  1:28  Drone  
  19  1:40  Drone  
  20  1:49  Hatchery  
  19  1:56  Drone  
  20  2:02  Zergling x2  
  21  2:11  Queen  
  21  2:13  Drone  
  24  2:20  Queen  
  26  2:26  Overlord  
  26  2:29  Drone  
  27  2:34  Metabolic Boost  
  27  2:40  Zergling x2  
  28  2:44  Zergling x2  
  28  2:46  Zergling x2, Drone  
  31  2:53  Spore Crawler  
  31  2:56  Extractor  
  31  2:58  Spore Crawler  
  28  3:02  Drone x4  
  35  3:06  Queen  
  36  3:21  Zergling x4  
  36  3:26  Drone  
  36  3:31  Drone x3  
  36  3:34  Drone x3  
  36  3:37  Drone x2  
  36  3:40  Drone  
  42  3:45  Overlord  
  42  3:48  Overlord  
  42  3:52  Spore Crawler  
  42  3:55  Spore Crawler  
  40  4:03  Queen  
  40  4:05  Drone x3  
  40  4:07  Drone  
  40  4:08  Drone  
  47  4:10  Drone  
  47  4:14  Drone  
  47  4:16  Drone  
  47  4:17  Drone  
  51  4:20  Drone x2  
  51  4:22  Drone  
  54  4:26  Overlord  
  54  4:35  Overlord  
  54  4:43  Queen  
  54  4:44  Overlord  
  54  4:45  Drone x2  
  58  4:47  Overlord  
  58  4:54  Drone x6  
  58  4:55  Extractor, Drone x2  
  58  4:58  Drone  
  66  5:02  Overlord  
  66  5:05  Drone  
  66  5:06  Drone  
  68  5:07  Lair  
  68  5:14  Roach Warren  
  68  5:15  Drone  
  68  5:16  Drone x2  
  68  5:19  Drone x2  
  68  5:20  Drone  
  73  5:22  Extractor  
  73  5:23  Extractor, Drone x3  
  74  5:29  Overlord  
  74  5:31  Drone x3  
  74  5:46  Drone x2  
  74  5:47  Drone x2  
  74  5:49  Overlord  
  78  5:56  Roach x2, Evolution Chamber  
  78  5:57  Roach x4  
  89  6:01  Extractor  
  89  6:03  Extractor, Overlord x2  
  87  6:04  Overlord  
  87  6:09  Roach x4  
  95  6:16  Hydralisk Den  
  95  6:17  Overlord  
  92  6:24  Overlord  
  92  6:25  Zerg Missile Weapons Level 1  
  92  6:26  Drone x3  
  92  6:27  Drone  
  92  6:31  Overseer  
  96  6:34  Hatchery  
  96  6:35  Glial Reconstitution  
  96  6:39  Drone  
  96  6:42  Overlord x2  
  96  6:51  Hydralisk  
  96  6:52  Hydralisk x5  
  108  6:55  Grooved Spines  
  108  6:56  Hydralisk  
  112  7:01  Roach x3  
  112  7:04  Roach  
  112  7:06  Roach  
  112  7:07  Roach  
  122  7:10  Roach  
  122  7:15  Roach x2  
  122  7:19  Roach x2  
  122  7:21  Roach  
  114  7:23  Roach  
  114  7:27  Roach  
  114  7:29  Roach  
  107  7:36  Roach x2  
  105  7:37  Roach  
  105  7:43  Roach x2  
  105  7:44  Roach  
  113  7:48  Roach x2  
  113  7:50  Roach  
  119  7:52  Roach  
  119  7:56  Roach x2  
  125  7:59  Zergling x4  
  125  8:02  Ravager  
  125  8:04  Roach  
  130  8:06  Roach  
  130  8:18  Roach x2  
  130  8:19  Roach x2  
  134  8:22  Zergling x2  
  134  8:23  Zergling x8  
  134  8:25  Roach  
  131  8:28  Roach x4  
  137  8:37  Roach x4  
  137  8:39  Roach  
Show
View Real Time Build Order
Export as new Build Order

Neeb Protoss 

Build Orders: 1 Gate Expand, Oracle Opening, Phoenix Opening, Zealot Archon, Archon Drop 

Get SALT Encoding   

  12  0:00  Probe  
  13  0:12  Probe  
  14  0:19  Pylon  
  14  0:24  Probe  
  15  0:35  Probe  
  15  0:42  Gateway  
  16  0:43  Probe  
  17  0:52  Probe  
  17  0:53  Assimilator  
  18  1:04  Probe  
  19  1:16  Probe  
  20  1:29  Cybernetics Core  
  20  1:39  Nexus  
  20  1:43  Probe  
  21  1:48  Pylon  
  21  1:55  Probe  
  21  1:57  Adept  
  21  1:58  Assimilator  
  22  2:07  Probe  
  25  2:17  Adept  
  25  2:19  Probe  
  28  2:31  Probe  
  28  2:34  Stargate  
  29  2:43  Probe  
  30  2:46  Adept  
  30  2:48  Warp Gate  
  32  2:54  Probe  
  32  2:56  Probe  
  34  3:06  Probe  
  34  3:08  Probe  
  34  3:11  Adept  
  36  3:15  Oracle  
  36  3:18  Probe  
  39  3:20  Probe  
  43  3:30  Probe  
  43  3:32  Probe  
  41  3:42  Probe  
  41  3:44  Probe, Pylon  
  41  3:45  Phoenix  
  43  3:51  Gateway  
  45  3:55  Probe  
  45  4:02  Probe, Assimilator  
  47  4:04  Assimilator  
  47  4:08  Probe  
  48  4:13  Robotics Facility  
  48  4:14  Probe  
  49  4:20  Probe  
  50  4:24  Twilight Council  
  50  4:26  Probe  
  51  4:32  Probe  
  51  4:38  Probe  
  53  4:40  Gateway x2  
  54  4:45  Pylon  
  54  4:47  Pylon  
  54  4:52  Gateway  
  53  4:53  Gateway  
  53  4:55  Warp Prism  
  53  5:04  Templar Archives  
  44  5:07  Charge  
  55  5:20  Gateway  
  55  5:23  Zealot x2  
  55  5:24  Gateway  
  59  5:33  Probe  
  59  5:35  Pylon  
  59  5:48  High Templar  
  59  5:49  High Templar x2  
  65  5:50  High Templar  
  65  5:52  Nexus  
  65  5:53  Archon  
  65  5:54  Archon  
  67  5:59  Probe x2  
  67  6:01  Zealot x2  
  73  6:11  Probe x2  
  73  6:14  Pylon  
  73  6:17  Pylon  
  73  6:18  Pylon  
  75  6:34  Zealot x3  
  75  6:35  Zealot  
  75  6:36  Zealot x2  
  75  6:38  Zealot  
  89  6:40  Zealot  
  91  7:04  Zealot x7  
  105  7:09  Probe  
  105  7:14  Psionic Storm  
  100  7:21  Probe  
  91  7:23  Immortal  
  91  7:26  Zealot  
  91  7:27  Zealot x4  
  91  7:29  Zealot x2  
  91  7:31  Probe  
  91  7:33  High Templar x5  
  91  7:36  Probe  
  81  7:38  Probe  
  81  7:43  Zealot, Probe  
  83  7:48  Probe  
  84  7:55  High Templar x2  
  84  7:57  Immortal, Pylon  
  88  7:58  Shield Battery  
  88  7:59  Shield Battery, Archon  
  92  8:13  Zealot  
  92  8:14  Zealot x3  
  92  8:19  Zealot x2  
  82  8:29  Zealot x2  
  82  8:36  Archon  
  82  8:37  Zealot x4  
  68  8:43  Zealot x2  

Tags
 
Add a new tag
Caveats
  • Supply blocks, unpowered buildings, or Contaminate may cause inaccurate times.
  • Supply counts are checked every 10 seconds.